 Dungeon Crawl Stone Soup version 0.31-a0-196-g86fe4a5e66 (webtiles) character file.

Game seed: 10102484826218709444

107 qw the Skirmisher (level 4, -2/25 HPs)
             Began as a Deep Elf Hunter on June 24, 2023.
             Slain by a gnoll
             ... wielding a +0 halberd
              (13 damage)
             ... on level 2 of the Dungeon.
             The game lasted 00:00:37 (1279 turns).

qw the Skirmisher (Deep Elf Hunter)                 Turns: 1279, Time: 00:00:37

Health: -2/25      AC:  3    Str: 10    XL:     4   Next: 56%
Magic:  6/6        EV: 12    Int: 14    God:
Gold:   66         SH:  0    Dex: 18    Spells: 3/3 levels left

rFire   . . .        Y - +0 shortbow (heavy)
rCold   . . .        (shield currently unavailable)
rNeg    . . .        c - +0 leather armour
rPois   .            (no helmet)
rElec   .            (no cloak)
rCorr   .            (no gloves)
SInv    .            (no boots)
Will    .....        (no amulet)
Stlth   ++           (no ring)
HPRegen 0.24/turn    (no ring)
MPRegen 0.10/turn

%: no passive effects
@: no status effects
A: no striking features
a: no special abilities


You were on level 2 of the Dungeon.
You visited 1 branch of the dungeon, and saw 2 of its levels.

You collected 66 gold pieces.


   Skills:
 - Level 1.5 Fighting
 + Level 8.0 Ranged Weapons
 - Level 2.4 Dodging
 - Level 1.2 Stealth


You had 3 spell levels left.
You didn't know any spells.
Your spell library was empty.

Inventory:

Hand Weapons
 Y - a +0 heavy shortbow (weapon)
Armour
 c - a +0 leather armour (worn)
 f - a +0 ring mail
Scrolls
 a - a scroll of immolation {unknown}
 b - a scroll of blinking {unknown}
 g - a scroll of fog {unknown}
 h - a scroll of summoning {unknown}
 i - a scroll of acquirement {unknown}
Potions
 d - 2 potions of curing {unknown}
 e - a potion of magic {unknown}

Dungeon Overview and Level Annotations

Branches:
Dungeon (2/15)

Altars:


Message History

Things that are here:
a +0 club; a goblin corpse
d - 2 amethyst potions (gained 1)
A ball python comes into view.
Enter note:
Enter note:
Enter note:
Enter note:
Enter note:
Enter note: You shoot an arrow.
The arrow hits the ball python.
The ball python hisses angrily.
The ball python is moderately wounded.
You shoot an arrow. The arrow hits the ball python!
You kill the ball python!
You see here a ball python corpse.
A gnoll comes into view. It is wielding a +0 halberd.
Enter note:
Enter note:
Enter note:
Enter note:
Enter note:
Enter note: You shoot an arrow.
The gnoll shouts!
The arrow hits the gnoll.
The gnoll is lightly wounded.
You shoot an arrow. The arrow hits the gnoll!
The gnoll is almost dead.
A gnoll comes into view.
It is wielding the +1 rapier "Qaorimup" {venom, rC+ SInv Stlth+}.
You shoot an arrow. The arrow barely misses the gnoll.
The gnoll shouts!
You shoot an arrow.
The arrow hits the gnoll but does no damage.
The gnoll is almost dead.
The gnoll hits you from afar with a +0 halberd!
The gnoll throws a stone.
The stone hits you.
The gnoll hits you from afar with a +0 halberd!
Ouch! That really hurt!
You die...

...[......# #.#
##..##.%...
)...##.##.# #.#
#..###.%...
###....##.# #.#
###.####.%...
#.......# #.# #...#
#....## #.......# #.#
#%### #....# #...###.#
#.# #.# #....##
###...# #.# #.# #.#
#...... ..#...%
.....####.# #.#
###....
#.#.........g...@.#
#.# #.....
#.#.............###
#.# #.....
#.#...........g.## #.#
###..... #.#
.........###)##
#...#### ..#
.....#...#....###.###
###
####...#<#..#.#...## #
###....#.#.#..##
#...##.#.....####
######..###...#.....%#


You could see 2 gnolls.

Vanquished Creatures
  2 gnolls (D:2)
  2 adders (D:2)
  3 dart slugs (D:1)
  6 bats
  6 endoplasms
  5 giant cockroaches (D:1)
  4 goblins
  4 hobgoblins (D:1)
  10 jackals (D:2)
  3 quokkas (D:1)
  5 ball pythons
  2 frilled lizards (D:1)
  A kobold (D:1)
  4 rats
57 creatures vanquished.

Notes
Turn   | Place    | Note
-------+----------+-------------------------------------------
     0 | D:1      | qw the Deep Elf Hunter began the quest for the Orb.
     0 | D:1      | Reached XP level 1. HP: 12/12 MP: 3/3
     0 | D:1      | 0 ||| qw: Version: 0.3-a-9-g12657ce
     0 | D:1      | 0 ||| qw: Game counter: 4781
     0 | D:1      | 0 ||| qw: Always use a shield: true
     0 | D:1      | 0 ||| qw: God list: Okawaru
     0 | D:1      | 0 ||| qw: Allow faded altars: false
     0 | D:1      | 0 ||| qw: Do Orc after D:15 true
     0 | D:1      | 0 ||| qw: Do second Lair branch before Depths: true
     0 | D:1      | 0 ||| qw: Lair rune preference: random
     0 | D:1      | 0 ||| qw: Plans: Normal
     0 | D:1      | 0 ||| PLANNING D:1-11
   178 | D:1      | Reached XP level 2. HP: 16/16 MP: 4/4
   195 | D:1      | Reached skill level 6 in Ranged Weapons
   270 | D:1      | Found a faded altar of an unknown god.
   313 | D:1      | Reached XP level 3. HP: 20/20 MP: 5/5
   428 | D:1      | 428 ||| FLEEEEING.
   766 | D:1      | Reached skill level 7 in Ranged Weapons
   892 | D:1      | 892 ||| READING scroll labelled POISOFFO MYNE.
   893 | D:1      | 893 ||| DROPPING scroll of butterflies.
   961 | D:2      | Reached XP level 4. HP: 18/25 MP: 6/6
   967 | D:2      | 967 ||| FLEEEEING.
  1222 | D:2      | Reached skill level 8 in Ranged Weapons
  1277 | D:2      | Identified the +1 rapier "Qaorimup" {venom, rC+ SInv
                  | Stlth+}
  1279 | D:2      | Slain by a gnoll

Levels and vault maps discovered:
D:1:      matt_arrival_grand_opening, layout_loops_ring,
          shapermc_ecumenical_altar_starsandcircs, grunt_decor_junction,
          minmay_hedge_maze
D:2:      layout_basic, minmay_fractal_squares_gapless_5

Skill      XL: |  1  2  3  4 |
---------------+-------------+-----
Ranged Weapons | 6 7 8 |  8.0
Fighting       | |  1.5
Dodging        | |  2.4
Stealth        | |  1.2

Action                     |  1- 3 |  4- 6 || total
---------------------------+-------+-------++-------
   Fire: Shortbow          |    92 |    46 ||   138
    Use: Scroll            |     1 |       ||     1
 Armour: Leather armour    |     3 |     4 ||     7
  Dodge: Dodged            |    23 |    19 ||    42

Table legend:
 A = Non-vault XP
 B = Vault XP
 C = Vault XP percentage of total XP
 D = Non-vault monster count
 E = Vault monster count
 F = Vault count percentage of total count
                 A         B        C        D         E       F
            +---------+---------+-------+---------+---------+-------
      Total |     153 |       0 |   0.0 |      57 |       0 |   0.0
            +---------+---------+-------+---------+---------+-------
        D:1 |      64 |       0 |   0.0 |      34 |       0 |   0.0
        D:2 |      89 |       0 |   0.0 |      23 |       0 |   0.0
            +---------+---------+-------+---------+---------+-------
